 Dungeon Crawl Stone Soup version 0.30.1-4-g462c640d31 (webtiles) character file.

Game seed: 14588582734947930206

161 GeoRichter the Cutter (level 5, 0/42 HPs)
             Began as a Demonspawn Warper on Sept 15, 2023.
             Succumbed to an orc wizard's poison
             ... on level 3 of the Dungeon.
             The game lasted 00:03:39 (3292 turns).

GeoRichter the Cutter (Demonspawn Warper)           Turns: 3292, Time: 00:03:39

Health: 0/42       AC:  7    Str: 15    XL:     5   Next: 19%
Magic:  8/8        EV: 16    Int: 13    God:
Gold:   189        SH:  0    Dex: 14    Spells: 8/8 levels left

rFire   . . .        f - +0 dagger
rCold   . . .        (no shield)
rNeg    . . .        b - +0 leather armour
rPois   .            (helmet restricted)
rElec   .            (no cloak)
rCorr   .            (no gloves)
SInv    .            (no boots)
Will    .....        t - amulet of the acrobat
Stlth   ++           i - +5 ring of evasion
HPRegen 0.27/turn    w - +4 ring of protection
MPRegen 0.11/turn

%: acrobat
@: brilliant, lethally poisoned (0 -> -18)
A: demonic touch 2, antennae 1, deterioration 1, robust 1, strong 1
a: no special abilities


You were on level 3 of the Dungeon.
You visited 1 branch of the dungeon, and saw 3 of its levels.

You collected 189 gold pieces.

Inventory:

Hand Weapons
 a - a +0 falchion
 f - a +0 dagger (weapon)
   (You took it off a goblin on level 1 of the Dungeon)
Missiles
 d - 7 boomerangs of dispersal {!f}
 s - 3 poisoned darts (quivered)
Armour
 b - a +0 leather armour (worn)
Jewellery
 i - a +5 ring of evasion (left hand)
   (You found it on level 1 of the Dungeon)
 j - a ring of fire
   (You found it on level 1 of the Dungeon)
 t - an amulet of the acrobat (around neck)
   (You found it on level 3 of the Dungeon)
 w - a +4 ring of protection (right hand)
   (You found it on level 3 of the Dungeon)
Wands
 v - a wand of flame (43)
   (You found it on level 3 of the Dungeon)
Scrolls
 c - a scroll of blinking
 e - 2 scrolls of brand weapon {unknown}
 g - a scroll of fear {unknown}
 h - a scroll of butterflies {unknown}
 k - a scroll of teleportation {unknown}
 u - 2 scrolls of magic mapping {unknown}
 x - a scroll of amnesia {unknown}
Potions
 l - a potion of mutation {!q}
 m - a potion of attraction {unknown}
 n - 2 potions of curing {unknown}
 o - a potion of cancellation {unknown}
 p - 2 potions of haste {unknown}
 q - a potion of brilliance
 r - 2 potions of resistance {unknown}


   Skills:
 - Level 2.3 Fighting
 * Level 3.2(3.6) Short Blades
 - Level 2.3(3.2) Long Blades
 - Level 0.8 Throwing
 - Level 0.8 Armour
 - Level 1.7 Dodging
 + Level 2.2 Stealth
 - Level 2.0 Spellcasting
 - Level 2.6 Translocations


You had 8 spell levels left.
You didn't know any spells.
Your spell library contained the following spells:

 Spells                   Type           Power      Damage    Failure   Level
 Blink                    Tloc           24%        N/A       16%         2
 Lesser Beckoning         Tloc           24%        N/A       16%         2
 Teleport Other           Tloc           12%        N/A       30%         3
 Vhi's Electric Charge    Tloc/Air       14%        N/A       47%         3
 Manifold Assault         Tloc           12%        N/A       71%         4


Dungeon Overview and Level Annotations

Branches:
Dungeon (3/15) Zot: 14724

Altars:
Vehumet


Innate Abilities, Weirdness & Mutations

Your touch may inflict irresistible damage on your foes.
You have a pair of small antennae on your head.
Your body sometimes deteriorates upon taking damage.
You are robust. (+10% HP)
Your muscles are strong. (Str +4, Int/Dex -1)


Message History

There is an open door here.
As you close the door, it creaks loudly!
You start waiting.
An orc wizard opens the door.
It is wielding a +0 dagger of venom.
The orc wizard hits you but does no damage.
There is a broken door here.
You miss the orc wizard.
The orc wizard hits you but does no damage.
You are poisoned.
You hit the orc wizard but do no damage.
You feel sick.
You hit the orc wizard. Your touch misses the orc wizard.
The orc wizard is lightly wounded.
You feel sick. The orc wizard casts a spell at you. The puff of flame hits you.
You closely miss the orc wizard.
The orc wizard is lightly wounded.
You feel sick.
The orc wizard casts a spell.
The orc wizard flickers and vanishes!
Deactivating autopickup; reactivate with Ctrl-A.
You miss something.
You feel sick.
You hear some strange, mumbled words.
A puff of flame appears from out of thin air!
The puff of flame misses you.
You hit something but do no damage.
You touch something!
You feel sick. Something hits you.
You are more poisoned.
You hit something. Your touch misses something.
You feel sick. Something hits you.
You are lethally poisoned!
You miss something. Your touch misses something.
* * * LOW HITPOINT WARNING * * *
You feel very sick. Something hits you.
* * * LOW HITPOINT WARNING * * *
You are more poisoned.
You barely miss something.
* * * LOW HITPOINT WARNING * * *
You feel very sick.
It was a potion of brilliance.
You feel clever all of a sudden.
* * * LOW HITPOINT WARNING * * *
You feel very sick. Something barely misses you.
It was a potion of mutation.
You feel extremely strange. A pair of antennae grows on your head!
You feel stronger.
You feel yourself wasting away.
You feel robust.
You die...

#.........#................,**,*,
#.........#...........<....,**,**
..........#................,,,,,,
..........#................,,*,**
..........#................,,*,,,
.......[..#................,,,,,,
....^.....#.......#........******
..........#.....{.#...)....,,,,(,
.###'###########@##........******
.# #.# #.##...o....,,,,,* .#
#.###########)##........,***,* ##
#...........#)##........,*,,,*
***###########.#.##....(...,***,*
*,,,,,,..........##........,,,,,,
*,*****#######.###*,,,*********,*
*,* *,,,,,#.# *,,,* *,* *,*
*,***,#.# *,,,* *,*


There were no monsters in sight!

Vanquished Creatures
  An iguana (D:3)
  An orc wizard (D:2)
  3 gnolls (D:2)
  3 worms
  A dart slug (D:1)
  6 orcs
  4 bats
  6 endoplasms
  2 giant cockroaches (D:2)
  7 goblins
  4 hobgoblins
  2 kobolds
  2 quokkas (D:1)
  10 ball pythons
  10 frilled lizards
  7 rats
69 creatures vanquished.

Notes
Turn   | Place    | Note
-------+----------+-------------------------------------------
     0 | D:1      | GeoRichter the Demonspawn Warper began the quest for the
                  | Orb.
     0 | D:1      | Reached XP level 1. HP: 16/16 MP: 3/3
   324 | D:1      | Discovered your monstrous ancestry.
   324 | D:1      | Gained mutation: Your touch may inflict minor irresistible
                  | damage on your foes. [demonic ancestry]
   324 | D:1      | Reached XP level 2. HP: 22/22 MP: 5/5
   584 | D:1      | Reached skill level 1 in Short Blades
   677 | D:1      | Gained mutation: Your touch may inflict irresistible damage
                  | on your foes. [demonic ancestry]
   677 | D:1      | Reached XP level 3. HP: 27/28 MP: 6/6
   845 | D:2      | Found a faded altar of an unknown god.
   891 | D:2      | Reached skill level 1 in Stealth
  1168 | D:2      | Reached skill level 2 in Short Blades
  1168 | D:2      | Reached XP level 4. HP: 34/34 MP: 7/7
  2253 | D:3      | Reached skill level 3 in Short Blades
  2253 | D:3      | Reached XP level 5. HP: 24/39 MP: 8/8
  2458 | D:3      | Found a radiant altar of Vehumet.
  3292 | D:3      | Gained mutation: You have a pair of small antennae on your
                  | head. [potion of mutation]
  3292 | D:3      | Gained mutation: Your muscles are strong. (Str +4, Int/Dex
                  | -1) [potion of mutation]
  3292 | D:3      | Gained mutation: Your body sometimes deteriorates upon
                  | taking damage. [potion of mutation]
  3292 | D:3      | Gained mutation: You are robust. (+10% HP) [potion of
                  | mutation]
  3292 | D:3      | Succumbed to an orc wizard's poison

Illustrated notes

Levels and vault maps discovered:
D:1:      mrwooster_arrival_arrow, layout_basic, minmay_lizard_pond
D:2:      layout_loops_ring, shapermc_ecumenical_altar_pompeii
D:3:      layout_basic, vehumet_crystals

Skill      XL: |  1  2  3  4 |
---------------+-------------+-----
Long Blades    | 2 |  2.3
Short Blades   | 1 2 3 |  3.2
Stealth        | 1 2 |  2.2
Fighting       | |  2.3
Throwing       | |  0.8
Armour         | |  0.8
Dodging        | |  1.7
Spellcasting   | |  2.0
Translocations | |  2.6

Action                     |  1- 3 |  4- 6 || total
---------------------------+-------+-------++-------
  Melee: Falchion          |    28 |       ||    28
         Dagger            |   101 |    67 ||   168
         Touch             |    14 |    23 ||    37
         Punch             |     1 |       ||     1
  Throw: Dart              |       |    12 ||    12
    Use: Potion            |       |     2 ||     2
   Stab: Sleeping          |     1 |     2 ||     3
 Armour: Leather armour    |    24 |     8 ||    32
  Dodge: Dodged            |    92 |    26 ||   118
